 Dungeon Crawl Stone Soup version 0.23-a0-586-gacb4b3f (webtiles) character file.

242 theanonym the Cudgeler (level 5, -8/38 HPs)
             Began as a Mummy Warper on Dec 19, 2018.
             Was an Initiate of Okawaru.
             Killed from afar by an orc wizard (10 damage)
             ... with a puff of flame
             ... on level 4 of the Dungeon.
             The game lasted 00:04:59 (4067 turns).

theanonym the Cudgeler (Mummy Warper)               Turns: 4067, Time: 00:05:00

Health: -8/38      AC:  5    Str: 15    XL:     5   Next: 81%
Magic:  9/9        EV: 17    Int: 13    God:    Okawaru [......]
Gold:   144        SH:  0    Dex: 11    Spells: 9/9 levels left

rFire    x . .     SeeInvis .   p - +2 dagger (elec)
rCold    + . .     Gourm    .   (no shield)
rNeg     + + +     Faith    .   l - +0 ring mail
rPois    ∞         Spirit   .   (no helmet)
rElec    .         Reflect  .   (no cloak)
rCorr    .         Harm     .   (no gloves)
MR       .....                  (no boots)
Stlth    +.........             (no amulet)
HPRegen  0.12/turn              h - +4 ring of evasion
MPRegen  0.11/turn              k - +2 ring of evasion

@: very slightly contaminated
A: no food or potions, fire vulnerability, cold resistance 1, negative energy
resistance 3, torment resistance, unbreathing
a: Renounce Religion


Innate Abilities, Weirdness & Mutations

You do not eat or drink.
Your flesh is vulnerable to fire.
You are immune to poison.
Your flesh is cold resistant. (rC+)
You are immune to negative energy. (rN+++)
You are immune to unholy pain and torment.
You can survive without breathing.


   Skills:
 - Level 2.0 Fighting
 + Level 5.1 Maces & Flails
 - Level 0.7 Throwing
 - Level 0.7 Armour
 - Level 1.5 Dodging
 - Level 2.6 Spellcasting
   Level 2.4 Translocations


You had 9 spell levels left.
You didn't know any spells.
Your spell library contained the following spells:

 Spells                   Type           Power        Failure   Level  Hunger
 Blink                    Tloc           N/A          26%         2    N/A
 Shroud of Golubria       Chrm/Tloc      #.........   41%         2    N/A
 Gell's Gravitas          Tloc           #.........   45%         3    N/A
 Lesser Beckoning         Tloc           #.........   45%         3    N/A
 Teleport Other           Tloc           #.......     45%         3    N/A
 Passage of Golubria      Tloc           N/A          86%         4    N/A

Skill      XL: |  1  2  3  4  5 |
---------------+----------------+-----
Maces & Flails | 2 3 4 5 |  5.1
Fighting       | |  2.0
Throwing       | |  0.7
Armour         | |  0.7
Dodging        | |  1.5
Spellcasting   | |  2.6
Translocations | |  2.4

Action                   |  1- 3 |  4- 6 || total
-------------------------+-------+-------++-------
Melee: Mace              |   169 |       ||   169
       Dagger            |     2 |    79 ||    81
  Use: Scroll            |     3 |     5 ||     8
Armor: Leather armour    |    19 |       ||    19
       Ring mail         |    48 |     7 ||    55
Dodge: Dodged            |   111 |    70 ||   181

Inventory:

Hand Weapons
 a - a +0 mace
 b - a +0 hunting sling
   (You took it off a goblin on level 2 of the Dungeon)
 p - a +2 dagger of electrocution (weapon)
   (You took it off a goblin on level 2 of the Dungeon)
 q - a +1 whip of venom
   (You found it on level 3 of the Dungeon)
Missiles
 c - 2 tomahawks
 e - 5 tomahawks of dispersal (quivered)
 n - 136 stones
Armour
 l - a +0 ring mail (worn)
   (You found it on level 1 of the Dungeon)
 m - a +0 leather armour
Jewellery
 h - a +4 ring of evasion (left hand)
   (You found it on level 1 of the Dungeon)
 k - a +2 ring of evasion (right hand)
   (You found it on level 1 of the Dungeon)
Wands
 v - a wand of acid (6)
   (You found it on level 3 of the Dungeon)
Scrolls
 d - 2 scrolls of enchant armour
 g - 2 scrolls of enchant weapon
 i - 2 scrolls of immolation
 r - a scroll of identify
 t - 2 scrolls of teleportation {!r}
 B - a scroll of blinking


You were on level 4 of the Dungeon.
You worshipped Okawaru.
Okawaru was noncommittal.
You were not hungry.

You visited 2 branches of the dungeon, and saw 5 of its levels.

You collected 144 gold pieces.

Dungeon Overview and Level Annotations

Branches:
Dungeon (4/15)             Temple (1/1) D:4

Altars:
Ashenzari
Cheibriados
Dithmenos
Elyvilon
Fedhas
Hepliaklqana
Kikubaaqudgha
Makhleb
Nemelex Xobeh
Okawaru
Qazlal
Ru
Sif Muna
Trog
Uskayaw
Vehumet
Wu Jian
Xom
Yredelemnul
Zin
The Shining One

###..#.......... #...
.#....#......#........#####..
............###......##..#..#
.######.....####............#
###...$............##.....
#o§.##.....##.....##......
#..Zoo...##..###§§...#.......
##...o........##.............
#...%.....#.@................
..............##.)<...!.......
...............##.§...........#
.........##.#..##§§§#.........#
............#..#)...##........#
.## ...#.....##........ #
......... .....##.# .....>##.#
....## ## .... #.# ..


You could see an orc wizard and an orc.

Notes
Turn   | Place    | Note
-------+----------+-------------------------------------------
     0 | D:1      | theanonym the Mummy Warper began the quest for the Orb.
     0 | D:1      | Reached XP level 1. HP: 16/16 MP: 4/4
    36 | D:1      | Reached skill level 2 in Maces & Flails
    95 | D:1      | HP: 8/16 [kobold (3)]
    98 | D:1      | Reached XP level 2. HP: 12/22 MP: 5/5
   104 | D:1      | HP: 10/22 [kobold (3)]
   134 | D:1      | HP: 8/22 [hobgoblin (4)]
   139 | D:1      | HP: 4/22 [hobgoblin (4)]
   446 | D:1      | HP: 10/22 [rat (2)]
   450 | D:1      | HP: 4/22 [rat (1)]
   451 | D:1      | HP: 1/22 [rat (3)]
  1357 | D:2      | HP: 9/22 [kobold (3)]
  1363 | D:1      | HP: 6/22 [hobgoblin/+0 club (4)]
  1372 | D:1      | HP: 4/22 [hobgoblin/+0 club (2)]
  1659 | D:2      | Reached XP level 3. HP: 27/27 MP: 7/7
  1665 | D:2      | Reached skill level 3 in Maces & Flails
  2180 | D:2      | HP: 7/27 [goblin/+2 dagger of electrocution (20)]
  2193 | D:2      | HP: 6/27 [leopard gecko (1)]
  2210 | D:2      | HP: 4/27 [leopard gecko (2)]
  2215 | D:2      | HP: 3/27 [leopard gecko (1)]
  2966 | D:2      | Reached XP level 4. HP: 33/33 MP: 8/8
  3270 | D:3      | Reached skill level 4 in Maces & Flails
  3684 | D:4      | Reached XP level 5. HP: 38/38 MP: 9/9
  3744 | D:4      | Reached skill level 5 in Maces & Flails
  3779 | D:4      | Found a staircase to the Ecumenical Temple.
  3785 | Temple   | Entered the Ecumenical Temple
  4039 | Temple   | Became a worshipper of Warmaster Okawaru
  4065 | D:4      | HP: 15/38 [orc wizard/magic dart (7)]
  4066 | D:4      | HP: 2/38 [orc priest/divine providence (13)]
  4067 | D:4      | Killed from afar by an orc wizard

Vanquished Creatures
  2 howler monkeys (D:4)
  A worker ant (D:4)
  4 adders
  3 oozes
  An adder zombie (D:4)
  3 worms
  4 dart slugs
  A leopard gecko (D:1)
  2 orcs
  7 bats
  4 giant cockroaches
  8 goblins
  11 hobgoblins
  2 ball pythons
  5 frilled lizards
  6 kobolds
  A leopard gecko skeleton (D:4)
  9 rats
74 creatures vanquished.

Table legend:
 A = Turns spent in this place as a percentage of turns spent in the entire game.
 B = Non-inter-level travel turns spent in this place as a percentage of non-inter-level travel turns spent in the entire game.
 C = Inter-level travel turns spent in this place as a percentage of turns spent in this place.
 D = Turns resting spent in this place as a percentage of non-inter-level travel turns spent in this place.
 E = Turns spent auto-exploring this place as a percentage of non-inter-level travel turns spent in this place.
 F = Non-inter-level travel turns spent in this place divided by the number of levels of this place that you've seen.
                   A       B       C       D       E      F
               +-------+-------+-------+-------+-------+----------------------
         Total | 100.0 | 100.0 |   6.4 |  38.2 |  46.7 | 761.4
       Dungeon |  93.5 |  94.0 |   5.9 |  40.7 |  43.4 | 894.2
        Temple |   6.5 |   6.0 |  13.5 |   0.0 |  98.7 | 230.0
               +-------+-------+-------+-------+-------+----------------------
